 Dungeon Crawl Stone Soup version 0.21.1-1-g345015f (webtiles) character file.

924 theblackcape the Cleaver (level 8, -12/63 HPs)
             Began as a Gnoll Wanderer on June 10, 2018.
             Was an Initiate of Elyvilon.
             Mangled by a two-headed ogre
             ... wielding a +0 giant club
              (19 damage)
             ... on level 5 of the Dungeon.
             The game lasted 00:17:17 (4134 turns).

theblackcape the Cleaver (Gnoll Wanderer)           Turns: 4134, Time: 00:17:18

Health: -12/63     AC:  6    Str: 18    XL:     8   Next: 10%
Magic:  21/21      EV: 13    Int: 12    God:    Elyvilon [......]
Gold:   191        SH:  0    Dex: 16    Spells: 12/12 levels left

rFire    + . .     SeeInvis .   e - +0 war axe
rCold    . . .     Gourm    .   (no shield)
rNeg     + . .     Faith    .   A - +1 leather armour "Edghaox" {*Slow rF+ rN+ rCorr} (curse)
rPois    .         Spirit   .   z - +0 helmet
rElec    .         Reflect  .   k - +0 cloak
rCorr    +         Harm     .   (no gloves)
MR       .....                  (no boots)
Stlth    ++........             (no amulet)
HPRegen  0.20/turn              y - ring of magical power
MPRegen  0.17/turn              (no ring)

@: slowed, very slow
A: distributed training, fangs 1, strong nose
a: Renounce Religion


You were on level 5 of the Dungeon.
You worshipped Elyvilon.
Elyvilon was noncommittal.
You were not hungry.

You visited 1 branch of the dungeon, and saw 5 of its levels.

You collected 191 gold pieces.

Inventory:

Hand Weapons
 a - a +2 hand axe
 b - a +0 hunting sling
 e - a +0 war axe (weapon)
 v - a +0 blowgun
Missiles
 p - 2 steel tomahawks (quivered)
 w - 33 poisoned needles
Armour
 k - a +0 cloak (worn)
 t - a +0 ring mail
 z - a +0 helmet (worn)
 A - the cursed +1 leather armour "Edghaox" (worn) {*Slow rF+ rN+ rCorr}
   (You found it on level 4 of the Dungeon)

   It protects you from fire.
   It protects you from negative energy.
   It protects you from acid and corrosion.
   It may slow you when you take damage.
   It has a curse placed upon it.
Jewellery
 q - a +2 ring of strength {unknown}
 y - a ring of magical power (left hand)
Wands
 o - a wand of paralysis (6)
Scrolls
 d - a scroll of random uselessness {unknown}
 h - 2 scrolls of identify
 j - 2 scrolls of teleportation {unknown}
 B - a scroll of remove curse {unknown}
Potions
 c - 6 potions of curing
 g - 2 potions of might {unknown}
 i - 3 potions of heal wounds {unknown}
 l - a potion of agility {unknown}
 m - 3 potions of haste {unknown}
 n - 3 potions of flight {unknown}
 r - 2 potions of berserk rage {unknown}
 s - a potion of invisibility {unknown}
 u - a potion of brilliance {unknown}
 x - a potion of magic {unknown}
Comestibles
 f - 12 rations


   Skills:
 + Level 5.4 Fighting
 + Level 2.9 Short Blades
 + Level 2.9 Long Blades
 + Level 12.3 Axes
 + Level 2.9 Maces & Flails
 + Level 2.9 Polearms
 + Level 2.9 Staves
 + Level 2.9 Slings
 + Level 2.9 Bows
 + Level 2.9 Crossbows
 + Level 2.9 Throwing
 + Level 2.9 Armour
 + Level 2.9 Dodging
 + Level 3.8 Stealth
 + Level 2.9 Shields
 + Level 2.9 Unarmed Combat
 + Level 2.9 Spellcasting
 + Level 2.3 Conjurations
 + Level 2.3 Hexes
 + Level 2.3 Charms
 + Level 2.3 Summonings
 + Level 2.3 Necromancy
 + Level 2.3 Translocations
 + Level 2.3 Transmutations
 + Level 2.3 Fire Magic
 + Level 2.3 Ice Magic
 + Level 2.3 Air Magic
 + Level 2.3 Earth Magic
 + Level 2.3 Poison Magic
 + Level 3.2 Invocations
 + Level 3.9 Evocations


You had 12 spell levels left.
You didn't know any spells.

Dungeon Overview and Level Annotations

Branches:
Dungeon (5/15)
 Temple: D:4-7

Altars:
Elyvilon
Gozag
Makhleb
Qazlal
Ru
Sif Muna
Trog
Xom


Innate Abilities, Weirdness & Mutations

Your experience applies equally to all skills.
You have very sharp teeth.
Your uncanny sense of smell can sniff out nearby items.


Message History

The two-headed ogre misses you. x2
You slash the two-headed ogre!
The two-headed ogre is moderately wounded.
The two-headed ogre hits you with a giant club!
The two-headed ogre hits you with a giant spiked club!
You hit the two-headed ogre. You bite the two-headed ogre.
The two-headed ogre is heavily wounded.
The two-headed ogre misses you.
The two-headed ogre hits you with a giant spiked club!
* * * LOW HITPOINT WARNING * * *
You hit the two-headed ogre but do no damage.
The two-headed ogre is heavily wounded.
The two-headed ogre closely misses you.
The two-headed ogre hits you with a giant spiked club!
* * * LOW HITPOINT WARNING * * *
You hit the two-headed ogre.
The two-headed ogre is heavily wounded.
The two-headed ogre barely misses you.
The two-headed ogre hits you with a giant spiked club!!
You die...

###### #....# ......#
#....# ..!...# #....#
.>....# #....# ......#
########....# ..?...#
#...........# ......#
#...........#####......#
####....(.).....@O((.....%#
....######.######.........#
....#§§§§#.#§§§§#.........#
....#§§§§#.#§§§§#.........#
....#§§§§#.#§§§§#...#+#####
....#§§§§#_#§§§§#####
....#§§§§###§§§§#
##+##§§§§§8§§§§§#
#§§§§§§§§§§§#


You could see a two-headed ogre.

Vanquished Creatures
  The ghost of nicolaieve the Chopper, an amateur MiBe of Trog (D:3)
  3 ogres (D:4)
  A centaur (D:5)
  A bullfrog (D:4)
  2 scorpions
  A hound (D:4)
  2 orc priests
  A centaur skeleton (D:5)
  2 iguanas (D:4)
  An orc wizard (D:4)
  A worker ant (D:4)
  3 adders
  A worm (D:2)
  3 leopard geckos
  12 orcs
  2 bat zombies (D:1)
  6 giant cockroaches
  5 goblins
  5 hobgoblins
  6 jackals (D:3)
  2 quokkas (D:3)
  A ball python (D:4)
  5 bats
  8 frilled lizards
  11 kobolds
  7 rats
  A plant (D:3)
94 creatures vanquished.

Vanquished Creatures (others)
  A quokka (D:4)
1 creature vanquished.

Grand Total: 95 creatures vanquished

Notes
Turn   | Place    | Note
-------+----------+-------------------------------------------
     0 | D:1      | Reached skill level 12 in Axes
     0 | D:1      | theblackcape the Gnoll Wanderer began the quest for the Orb.
     0 | D:1      | theblackcape set off with: a +2 hand axe, a +0 mace, a potion of curing, a +0 robe, a ration
     0 | D:1      | Reached XP level 1. HP: 20/20 MP: 2/2
   336 | D:1      | Reached XP level 2. HP: 26/26 MP: 3/3
   601 | D:1      | Reached XP level 3. HP: 25/31 MP: 4/4
  1012 | D:2      | Found a deep blue altar of Sif Muna.
  1040 | D:2      | Reached skill level 1 in Invocations
  1125 | D:3      | Reached skill level 1 in Short Blades
  1125 | D:3      | Reached skill level 1 in Long Blades
  1125 | D:3      | Reached skill level 1 in Maces & Flails
  1125 | D:3      | Reached skill level 1 in Polearms
  1125 | D:3      | Reached skill level 1 in Staves
  1125 | D:3      | Reached skill level 1 in Slings
  1125 | D:3      | Reached skill level 1 in Bows
  1125 | D:3      | Reached skill level 1 in Crossbows
  1125 | D:3      | Reached skill level 1 in Throwing
  1125 | D:3      | Reached skill level 1 in Armour
  1125 | D:3      | Reached skill level 1 in Dodging
  1125 | D:3      | Reached skill level 1 in Shields
  1125 | D:3      | Reached skill level 1 in Unarmed Combat
  1125 | D:3      | Reached skill level 1 in Spellcasting
  1127 | D:3      | Reached XP level 4. HP: 37/38 MP: 4/6
  1132 | D:3      | Noticed nicolaieve's ghost (amateur MiBe)
  1155 | D:3      | Killed nicolaieve's ghost
  1155 | D:3      | Reached skill level 1 in Conjurations
  1155 | D:3      | Reached skill level 1 in Hexes
  1155 | D:3      | Reached skill level 1 in Charms
  1155 | D:3      | Reached skill level 1 in Summonings
  1155 | D:3      | Reached skill level 1 in Necromancy
  1155 | D:3      | Reached skill level 1 in Translocations
  1155 | D:3      | Reached skill level 1 in Transmutations
  1155 | D:3      | Reached skill level 1 in Fire Magic
  1155 | D:3      | Reached skill level 1 in Ice Magic
  1155 | D:3      | Reached skill level 1 in Air Magic
  1155 | D:3      | Reached skill level 1 in Earth Magic
  1155 | D:3      | Reached skill level 1 in Poison Magic
  1155 | D:3      | Reached XP level 5. HP: 34/43 MP: 7/7
  2297 | D:3      | Reached XP level 6. HP: 37/50 MP: 8/8
  2404 | D:3      | Found a sacrificial altar of Ru.
  2533 | D:4      | Reached skill level 5 in Fighting
  2773 | D:4      | Found an opulent altar of Gozag.
  2852 | D:4      | Got a pitted leather armour
  2863 | D:4      | Identified the cursed +1 leather armour "Edghaox" {*Slow rF+ rN+ rCorr} (You found it on level 4 of the Dungeon)
  2926 | D:4      | Reached XP level 7. HP: 52/56 MP: 10/10
  3166 | D:4      | Found a white marble altar of Elyvilon.
  3181 | D:4      | Became a worshipper of Elyvilon the Healer
  3227 | D:4      | Found a shimmering altar of Xom.
  3732 | D:4      | Found a burning altar of Makhleb.
  3732 | D:4      | Found a bloodstained altar of Trog.
  4030 | D:5      | Entered Level 5 of the Dungeon
  4037 | D:5      | Reached XP level 8. HP: 63/63 MP: 12/12
  4091 | D:5      | Found a stormy altar of Qazlal.
  4123 | D:5      | Noticed a two-headed ogre
  4134 | D:5      | Mangled by a two-headed ogre

Skill      XL: |  1  2  3  4  5  6  7 |
---------------+----------------------+-----
Axes           | | 12.3
Invocations    | 1 2 3 |  3.2
Short Blades   | 1 2 |  2.9
Long Blades    | 1 2 |  2.9
Maces & Flails | 1 2 |  2.9
Polearms       | 1 2 |  2.9
Staves         | 1 2 |  2.9
Slings         | 1 2 |  2.9
Bows           | 1 2 |  2.9
Crossbows      | 1 2 |  2.9
Throwing       | 1 2 |  2.9
Armour         | 1 2 |  2.9
Dodging        | 1 2 |  2.9
Shields        | 1 2 |  2.9
Unarmed Combat | 1 2 |  2.9
Spellcasting   | 1 2 |  2.9
Conjurations   | 1 2 |  2.3
Hexes          | 1 2 |  2.3
Charms         | 1 2 |  2.3
Summonings     | 1 2 |  2.3
Necromancy     | 1 2 |  2.3
Translocations | 1 2 |  2.3
Transmutations | 1 2 |  2.3
Fire Magic     | 1 2 |  2.3
Ice Magic      | 1 2 |  2.3
Air Magic      | 1 2 |  2.3
Earth Magic    | 1 2 |  2.3
Poison Magic   | 1 2 |  2.3
Evocations     | 3 |  3.9
Stealth        | 3 |  3.8
Fighting       | 5 |  5.4

Action                   |  1- 3 |  4- 6 |  7- 9 || total
-------------------------+-------+-------+-------++-------
Melee: Hand axe          |    85 |   162 |    52 ||   299
       Bite              |     7 |    24 |    10 ||    41
       Punch             |       |     1 |       ||     1
       War axe           |       |       |    19 ||    19
Throw: Tomahawk          |       |       |     2 ||     2
Evoke: Wand              |       |       |     1 ||     1
  Use: Scroll            |       |     3 |       ||     3
       Potion            |       |       |     1 ||     1
 Stab: Sleeping          |     1 |     5 |       ||     6
       Paralysed         |       |       |     3 ||     3
  Eat: Chunk             |     1 |     5 |     1 ||     7
       Ration            |       |       |     1 ||     1
Armor: Robe              |    13 |       |       ||    13
       Leather armour    |     4 |    12 |     5 ||    21
       Ring mail         |       |    27 |       ||    27
Dodge: Dodged            |    53 |    39 |    26 ||   118
